 Dungeon Crawl Stone Soup version 0.28-a0-823-gb444dcf96d (webtiles) character file.

Game seed: 13256216740194495417

611 cheechan the Covered (level 7, -3/63 HPs)
             Began as a Naga Fighter on Nov 9, 2021.
             Slain by an ogre (26 damage)
             ... on level 5 of the Dungeon.
             The game lasted 00:12:08 (3742 turns).

cheechan the Covered (Naga Fighter)                 Turns: 3742, Time: 00:12:09

Health: -3/63      AC:  9    Str: 21    XL:     7   Next: 43%
Magic:  7/7        EV:  8    Int:  8    God:
Gold:   172        SH:  5    Dex: 14    Spells: 6/6 levels left

rFire   . . .      SeeInvis +   g - +4 flail
rCold   . . .      Faith    +   c - +0 buckler
rNeg    . . .      Spirit   .   b - +1 scale mail
rPois   +          Reflect  .   (no helmet)
rElec   .          Harm     .   j - +1 cloak {Stlth+}
rCorr   .          Rampage  .   (no gloves)
Will    .....                   (no barding)
Stlth   +.........              p - amulet of faith
HPRegen 0.20/turn               (no ring)
MPRegen 0.10/turn               (no ring)

@: very slow
A: AC +2, large, see invisible, deformed body, poison resistance, slowness 2,
spit poison 1, naga tail 1, agile 1, strong 1, no potion heal 1
a: Spit Poison


You were on level 5 of the Dungeon.
You visited 1 branch of the dungeon, and saw 5 of its levels.

You collected 172 gold pieces.

Inventory:

Hand Weapons
 a - a +0 war axe
 d - a +4 quarterstaff of chaos
 g - a +4 flail (weapon)
 h - a +2 flail of holy wrath
 q - a +2 spear of venom
Missiles
 f - 57 arrows
 i - 4 datura-tipped darts
 l - 24 bolts
 r - a throwing net
Armour
 b - a +1 scale mail (worn)
 c - a +0 buckler (worn)
 j - a +1 cloak of stealth (worn)
Jewellery
 o - an amulet of guardian spirit
 p - an amulet of faith (around neck)
Wands
 m - a wand of iceblast (7)
Scrolls
 n - a scroll of identify
Potions
 e - 2 potions of heal wounds
 k - 3 potions of attraction


   Skills:
 + Level 3.9 Fighting
 + Level 3.3(4.3) Axes
 + Level 4.1(4.7) Maces & Flails
 + Level 4.1 Armour
 + Level 1.2 Dodging
 + Level 1.1 Stealth
 + Level 3.1 Shields


You had 6 spell levels left.
You didn't know any spells.
Your spell library contained the following spells:

 Spells                   Type           Power      Damage    Failure   Level
 Animate Skeleton         Necr           0%         N/A       75%         1
 Pain                     Necr           0%         1d4       75%         1
 Vampiric Draining        Necr           0%         2d6       98%         3


Dungeon Overview and Level Annotations

Branches:
Dungeon (5/15)
 Temple: D:4-7

Altars:
Qazlal
Xom

Annotations:
D:5 Blork the orc


Innate Abilities, Weirdness & Mutations

Your serpentine skin is tough. (AC +2)
You have supernaturally acute eyesight. (SInv)
Armour fits poorly on your strangely shaped body.
Your system is resistant to poisons. (rPois)
You cover ground very slowly.
You can spit poison.
You have a snake-like lower body.
You are agile. (Dex +2)
Your muscles are strong. (Str +2)
Potions are less effective at restoring your health.


Message History

HP restored.
An ogre comes into view. It is wielding a +0 giant spiked club.
The ogre shouts!
Blork the orc hits you with a +0 trident of distortion.
Space warps around you.
You closely miss Blork the orc.
Blork the orc hits you with a +0 trident of distortion.
You hit Blork the orc.
Blork the orc is lightly wounded.
Blork the orc gestures at you while chanting.
The puff of frost hits you but does no damage.
An ogre breaks down the door.
Blork the orc barely misses you.
Abil: Spit Poison
Press: ? - help, Q - select action, (/) - cycle Shift-Dir - straight line, f - Blork the orc
Aim: Blork the orc, wielding a +0 trident of distortion and wearing a +0 robe (lightly wounded)
The splash of poison hits Blork the orc!
Blork the orc is poisoned.
Blork the orc is moderately wounded.
Blork the orc screams, "I'll decorate my home with your organs!"
You block Blork the orc's attack. You block Blork the orc's attack.
The ogre barely misses you.
You have got your breath back.
Blork the orc looks angry.
Blork the orc looks more healthy.
The ogre barely misses you.
Blork the orc looks satisfied for a moment.
Blork the orc mumbles some strange words.
Blork the orc seems to speed up.
The ogre hits you with a +0 giant spiked club!
There is an open door here.
Blork the orc screams, "You are the ugliest creature I've ever seen!"
The ogre barely misses you.
The ogre hits you with a +0 giant spiked club.
Blork the orc screams, "I'll break your arms!"
The ogre hits you with a +0 giant spiked club!
Blork the orc screams, "I'll drink your blood!
Soon!"
The ogre hits you with a +0 giant spiked club.
Blork the orc hits you but does no damage.
Space warps around you.
The ogre hits you with a +0 giant spiked club!!
You die...

##+ ..# '.#..#
#.#..# #.#..#
######### #.#..#
#...))[<# #.#..
#.####### +.#.#
#[# ..#.# #@#
##'.# #O#
....############o#
###).............#
.....#############
..##.# .. #.# .
#.# . #.#


You could see Blork the orc (fast) and an ogre.

Vanquished Creatures
  A black bear (D:4)
  An ice beast (D:5)
  An ogre (D:3)
  A gnoll sergeant (D:5)
  A scorpion (D:4)
  A bullfrog zombie (D:5)
  Crazy Yiuf (D:2)
  4 gnolls (D:5)
  3 adders (D:2)
  A worm (D:2)
  6 dart slugs
  An orc (D:4)
  3 bats
  3 endoplasms
  A giant cockroach (D:1)
  8 goblins
  6 hobgoblins
  11 jackals
  3 quokkas
  5 ball pythons
  6 frilled lizards
  10 kobolds
  8 rats
86 creatures vanquished.

Notes
Turn   | Place    | Note
-------+----------+-------------------------------------------
     0 | D:1      | cheechan the Naga Fighter began the quest for the Orb.
     0 | D:1      | Reached XP level 1. HP: 21/21 MP: 1/1
    75 | D:1      | Found a faded altar of an unknown god.
   115 | D:1      | Reached XP level 2. HP: 19/28 MP: 2/2
   294 | D:1      | Reached XP level 3. HP: 13/34 MP: 3/3
   407 | D:1      | HP: 1/34 [goblin (3)]
  1136 | D:2      | Reached XP level 4. HP: 14/42 MP: 4/4
  1386 | D:2      | Found a runed translucent door.
  1387 | D:2      | Noticed Crazy Yiuf
  1434 | D:2      | Killed Crazy Yiuf
  1562 | D:2      | Found a shimmering altar of Xom.
  1665 | D:2      | Gained mutation: Potions are less effective at restoring
                  | your health. [potion of mutation]
  1665 | D:2      | Gained mutation: Your muscles are strong. (Str +2) [potion
                  | of mutation]
  1665 | D:2      | Gained mutation: You are agile. (Dex +2) [potion of
                  | mutation]
  1871 | D:3      | Noticed an ogre
  1879 | D:3      | Killed an ogre
  1880 | D:3      | Reached XP level 5. HP: 31/49 MP: 5/5
  2291 | D:3      | Found a stormy altar of Qazlal.
  2465 | D:4      | Reached XP level 6. HP: 46/57 MP: 6/6
  2674 | D:4      | Noticed a black bear
  2689 | D:4      | Killed a black bear
  2690 | D:4      | Reached skill level 1 in Dodging
  2690 | D:4      | Reached skill level 1 in Stealth
  3150 | D:5      | Entered Level 5 of the Dungeon
  3167 | D:5      | Noticed an ice beast
  3176 | D:5      | Killed an ice beast
  3177 | D:5      | Reached XP level 7. HP: 55/63 MP: 5/7
  3649 | D:5      | Noticed Blork the orc
  3742 | D:5      | Slain by an ogre

Illustrated notes

Levels and vault maps discovered:
D:1:      tarquinn_simple_flora_water_d, layout_basic,
          ebering_ecumenical_altar_hall, chequers_serial_rivers_room_b,
          kennysheep_nondescript, chequers_serial_rivers_small_3
D:2:      layout_rooms, basic_altar, uniq_crazy_yiuf_cottage
D:3:      layout_rooms, nicolae_qazlal_eye_of_the_storm, hex_tiny
D:4:      layout_rooms
D:5:      layout_basic, minmay_temple_entry_offerings, minivault_11,
          nicolae_elemental_shop, uniq_blork_the_orc

Skill      XL: |  1  2  3  4  5  6  7 |
---------------+----------------------+-----
Axes           | 3 |  3.3
Armour         | 3 4 |  4.1
Maces & Flails | 2 3 4 |  4.1
Dodging        | 1 |  1.2
Stealth        | 1 |  1.1
Shields        | 3 |  3.1
Fighting       | |  3.9

Action                   |  1- 3 |  4- 6 |  7- 9 || total
-------------------------+-------+-------+-------++-------
Melee: War axe           |    86 |       |       ||    86
       Flail             |    19 |   106 |    26 ||   151
 Abil: Spit Poison       |    12 |     6 |     4 ||    22
  Use: Scroll            |     3 |     8 |       ||    11
       Potion            |     1 |     3 |     1 ||     5
Armor: Scale mail        |    73 |    79 |    11 ||   163
Dodge: Dodged            |    47 |    63 |    26 ||   136
Block: Buckler           |    31 |    33 |    14 ||    78

Table legend: (Time is in decaauts)
 A = Elapsed time spent in this place.
 B = Non-inter-level travel time spent in this place.
 C = Inter-level travel time spent in this place.
 D = Time resting spent in this place.
 E = Time spent auto-exploring this place.
 F = Levels seen in this place.
 G = Mean time per level.
                   A        B        C        D        E       F      G
               +--------+--------+--------+--------+--------+-----+--------+
         Total |   4840 |   4840 |      0 |    819 |      0 |   5 |  968.0 |
       Dungeon |   4840 |   4840 |      0 |    819 |      0 |   5 |  968.0 |
               +--------+--------+--------+--------+--------+-----+--------+

Top non-repeatable levels by time:
     D:4: 1471 daAuts
     D:1: 1322 daAuts
     D:2: 981 daAuts
     D:3: 787 daAuts
     D:5: 277 daAuts
